 Dungeon Crawl Stone Soup version 0.31.0-32-g396128a36d (webtiles) character file.

Game seed: 2416979647701814422

61 adizb the Chopper (level 3, -2/31 HPs)
             Began as a Minotaur Monk on Apr 15, 2024.
             Engulfed by a cloud of poison gas (5 damage)
             ... on level 3 of the Dungeon.
             The game lasted 00:04:53 (1313 turns).

adizb the Chopper (Minotaur Monk)                   Turns: 1313, Time: 00:04:53

Health: -2/31      AC:  5    Str: 17    XL:     3   Next: 83%
Magic:  2/2        EV: 12    Int:  7    God:
Gold:   109        SH:  0    Dex: 18    Spells: 2/2 levels left

rFire   . . .        a - +0 hand axe
rCold   . . .        d - orb {light}
rNeg    . . .        k - +0 ring mail
rPois   .            (helmet restricted)
rElec   .            (no cloak)
rCorr   .            (no gloves)
SInv    .            (no boots)
Will    .....        (no amulet) Stlth
                     i - +6 ring of dexterity
HPRegen 0.25/turn    (no ring)
MPRegen 0.08/turn

%: no passive effects
@: confused, lethally poisoned (-2 -> -46), ambrosia-drunk, glowing
A: horns 2, retaliatory headbutt
a: no special abilities


You were on level 3 of the Dungeon.
You visited 1 branch of the dungeon, and saw 3 of its levels.

You collected 109 gold pieces.

Inventory:

Hand Weapons
 a - a +0 hand axe (weapon)
Armour
 d - an orb of light (worn)
 k - a +0 ring mail (worn)
Jewellery
 i - a +6 ring of dexterity (left hand)
Scrolls
 e - 2 scrolls of poison
 f - 2 scrolls of identify {unknown}
 h - a scroll of teleportation {unknown}
Potions
 b - a potion of magic {unknown}
 g - a potion of curing {unknown}
 j - a potion of lignification {unknown}
 l - a potion of mutation {unknown}


   Skills:
 - Level 3.6 Fighting
 * Level 5.8 Axes
 - Level 3.2 Dodging


You had 2 spell levels left.
You didn't know any spells.
Your spell library contained the following spells:

 Spells                   Type           Power      Damage    Failure   Level
 Hailstorm                Conj/Ice       0%         3d5       95%         3
 Summon Ice Beast         Ice/Summ       0%         N/A       95%         3
 Sculpt Simulacrum        Ice/Alch       0%         N/A       100%        6


Dungeon Overview and Level Annotations

Branches:
Dungeon (3/15)

Altars:


Innate Abilities, Weirdness & Mutations

You have a pair of horns on your head.
You reflexively headbutt those who attack you in melee.


Message History

No target in view!
You see here a ball python corpse.
Found a stone staircase leading down.
You see here a +0 rapier.
Found a leather armour.
Found a stone staircase leading down.
There is a stone staircase leading down here.
An adder comes into view.
The adder hisses angrily.
A phantom comes into view.
The air fills with toxic fumes!
As you read the scroll labelled ERESUT KUT ONNUOS, it crumbles to dust.
It was a scroll of poison.
You hit the phantom.
The phantom is lightly damaged.
The phantom closely misses you. You furiously retaliate!
You headbutt the phantom. You hit the phantom.
The phantom is moderately damaged.
The phantom barely misses you.
You barely miss the phantom.
The phantom is moderately damaged.
The phantom hits you!
The phantom blinks!
You blink.
You hit the phantom but do no damage.
The phantom is moderately damaged.
You are engulfed in poison gas.
You are poisoned.
You feel very sick. The phantom completely misses you. You furiously retaliate!
You headbutt the phantom!
Okay, then.
You are confused.
You feel invigorated.
You are engulfed in poison gas.
You are lethally poisoned!
* * * LOW HITPOINT WARNING * * *
x2 You feel extremely sick.
The phantom hits you.
* * * LOW HITPOINT WARNING * * *
You bump into the rock wall.
You are engulfed in poison gas.
You are more poisoned.
You die...

##.#.##..#.#.###
#....##.[#.#.#
#....>.......#
#.########.###
#.# .... #§#
....# ####○####
....# #§☼§....#
.# #○@..##.#
#W###.# # #.# .#
#§# .# #.. ##
#§.. ###.# .# ..


You could see a phantom.

Vanquished Creatures
  An iguana (D:3)
  2 dart slugs (D:1)
  3 ball pythons
  An endoplasm (D:1)
  2 giant cockroaches
  A hobgoblin (D:1)
  3 jackals (D:2)
  2 kobolds
  A quokka (D:1)
  5 bats
  2 frilled lizards
  4 goblins
  6 rats
33 creatures vanquished.

Notes
Turn   | Place    | Note
-------+----------+-------------------------------------------
     0 | D:1      | adizb the Minotaur Monk began the quest for the Orb.
     0 | D:1      | Reached XP level 1. HP: 19/19 MP: 0/0
   158 | D:1      | Reached skill level 4 in Axes
   160 | D:1      | Reached XP level 2. HP: 10/26 MP: 1/1
   665 | D:2      | Reached skill level 5 in Axes
   668 | D:2      | Reached XP level 3. HP: 24/31 MP: 2/2
  1304 | D:3      | Noticed a phantom
  1313 | D:3      | Engulfed by a cloud of poison gas

Illustrated notes

Levels and vault maps discovered:
D:1:      minmay_arrival_stair_chambers, layout_loops_ring
D:2:      layout_basic, roderic_lattice_a, hangedman_decor_lopped,
          hangedman_decor_growths
D:3:      layout_loops_cross, lemuel_round_altar, nicolae_overflow_hidden_temple

Skill      XL: |  1  2 |
---------------+-------+-----
Axes           | 4 5 |  5.8
Fighting       | |  3.6
Dodging        | |  3.2

Action                     || total
---------------------------++-------
  Melee: Hand axe          ||    58
         Headbutt          ||     9
    Use: Scroll            ||     1
         Potion            ||     1
 Armour: Robe              ||    25
         Ring mail         ||    11
  Dodge: Dodged            ||    54
